 Dungeon Crawl Stone Soup version 0.30.0-29-ga12c61a403 (webtiles) character file.

Game seed: 17966262414611968243

1111 monsoonserge the Digger (level 8, -1/61 HPs)
             Began as a Meteoran Earth Elementalist on June 11, 2023.
             Was a Follower of Sif Muna.
             Slain by an orc warrior
             ... wielding a +0 war axe
              (16 damage)
             ... on level 5 of the Dungeon.
             The game lasted 00:20:44 (2132 turns).

monsoonserge the Digger (MeEE)                      Turns: 2132, Time: 00:20:45

Health: -1/61      AC:  3    Str:  9    XL:     8   Next: 90%
Magic:  6/13       EV: 12    Int: 18    God:    Sif Muna [*.....]
Gold:   161        SH:  0    Dex: 16    Spells: 7/13 levels left

rFire   + + .        b - +7 short sword of the Hammering Pill Bug {freeze, *Noise rF+ SInv}
rCold   . . .        (no shield)
rNeg    . . .        v - +0 leather armour
rPois   .            (no helmet)
rElec   .            (no cloak)
rCorr   .            (no gloves)
SInv    +            (no boots)
Will    +....        (no amulet)
Stlth   +            F - ring of protection from fire
HPRegen 0.30/turn    (no ring)
MPRegen 0.13/turn

%: no passive effects
@: glowing
A: sense surroundings 1, otherworldly, glowing, explore regen
a: Renounce Religion, Channel Magic


You were on level 5 of the Dungeon.
You worshipped Sif Muna.
Sif Muna was aware of your devotion.
You visited 1 branch of the dungeon, and saw 5 of its levels.

You collected 287 gold pieces.
You spent 126 gold pieces at shops.

Inventory:

Hand Weapons
 a - a +2 shortbow of freezing
 b - the +7 short sword of the Hammering Pill Bug (weapon) {freeze, *Noise rF+ SInv}
   (You found it on level 4 of the Dungeon)

   rF:        It protects you from fire.
   SInv:      It lets you see invisible.
   *Noise:    It may make noises in combat.
 g - a +1 dagger of draining
 D - a +1 dagger of flaming
Missiles
 n - 4 boomerangs (quivered)
 o - 5 curare-tipped darts
Armour
 v - a +0 leather armour (worn)
 y - a +0 robe
 C - a +0 chain mail
Jewellery
 A - a ring of fire
 F - a ring of protection from fire (left hand)
 I - an amulet of guardian spirit
Scrolls
 d - a scroll of blinking {unknown}
 f - 5 scrolls of vulnerability {unknown}
 i - a scroll of fog {unknown}
 j - a scroll of torment {unknown}
 k - 2 scrolls of teleportation {unknown}
 q - a scroll of amnesia {unknown}
 s - 9 scrolls of identify {unknown}
 u - a scroll of noise {unknown}
 w - 2 scrolls of poison {unknown}
 x - a scroll of magic mapping {unknown}
 z - a scroll of enchant armour {unknown}
 H - a scroll of enchant weapon {unknown}
Potions
 c - a potion of berserk rage {unknown}
 h - 3 potions of curing
 l - 3 potions of mutation {unknown}
 m - 2 potions of brilliance {unknown}
 p - a potion of attraction {unknown}
 r - a potion of might {unknown}
 t - a potion of ambrosia {unknown}
 B - a potion of invisibility {unknown}
 E - a potion of flight {unknown}
 G - 2 potions of haste {unknown}
 J - a potion of degeneration {unknown}
 K - 3 potions of heal wounds {unknown}


   Skills:
 + Level 2.2 Fighting
 + Level 2.0 Short Blades
 + Level 3.9 Ranged Weapons
 - Level 4.0 Armour
 + Level 3.4 Dodging
 + Level 1.9 Stealth
 - Level 3.0 Spellcasting
 * Level 3.9 Conjurations
 - Level 1.2 Transmutations
 + Level 7.3 Earth Magic
 * Level 2.7 Invocations


You had 7 spell levels left.
You knew the following spells:

 Your Spells              Type           Power      Damage    Failure   Level
a - Sandblast             Erth           58%        2d13      1%          1
b - Stone Arrow           Conj/Erth      44%        3d9       7%          3
c - Passwall              Tmut/Erth      15%        N/A       6%          2

Your spell library contained the following spells:

 Spells                   Type           Power      Damage    Failure   Level
 Foxfire                  Conj/Fire      36%        2x1d5     10%         1
 Sting                    Tmut/Pois      16%        1d3       17%         1
 Slow                     Hex            8%         N/A       22%         1
 Petrify                  Tmut/Erth      18%        N/A       36%         4


Dungeon Overview and Level Annotations

Branches:
Dungeon (5/15) Zot: 779    Temple (0/1) D:4

Altars:
Elyvilon
Sif Muna
The Shining One

Shops:
D:2 (


Innate Abilities, Weirdness & Mutations

You passively map a small area around you.
You are easily found by Zot.
You glow in the dark.
You regain HP and MP as you explore.


Message History

Aiming: Sandblast (safe; 1% risk of failure)
Press: ? - help, Shift-Dir - straight line, f - orc warrior
Aim: an orc warrior, wielding a +0 war axe and wearing a +0 chain mail (81% to hit)
The blast of sand misses the orc warrior.
The blast of sand hits the orc!
You kill the orc!
Sif Muna accepts your kill.
The orc shouts!
An orc comes into view. It is wielding a +0 short sword.
The orc shouts!
You hit the orc warrior but do no damage.
The orc warrior hits you with a +0 war axe!
You hit the orc warrior but do no damage.
The orc warrior closely misses you.
You hit the orc warrior but do no damage.
The orc warrior hits you with a +0 war axe!
Unknown command.
Casting: Sandblast (safe; 1% risk of failure)
Confirm with . or Enter, or press ? or * to list all spells.
Aiming: Stone Arrow (dangerous; 7% risk of failure)
Press: ? - help, Shift-Dir - straight line, f - orc wizard, p - orc warrior
Aim: an orc wizard, wielding a +0 dagger and wearing a +0 robe (64% to hit)
The stone arrow hits the orc warrior.
The orc warrior is moderately wounded.
The orc warrior hits you with a +0 war axe!
* * * LOW HITPOINT WARNING * * *
Casting: Stone Arrow (dangerous; 7% risk of failure)
Confirm with . or Enter, or press ? or * to list all spells.
Aiming: Stone Arrow (dangerous; 7% risk of failure)
Press: ? - help, Shift-Dir - straight line, f/p - orc wizard
Aim: an orc wizard, wielding a +0 dagger and wearing a +0 robe (64% to hit)
The stone arrow hits the orc warrior!
The orc warrior is severely wounded.
The orc warrior hits you with a +0 war axe!
* * * LOW HITPOINT WARNING * * *
It was a potion of curing.
You feel better.
The orc wizard casts a spell.
The orc wizard flickers and vanishes for a moment.
The orc warrior hits you with a +0 war axe!
You die...

.....##**#............####
##... ...###
,#...............####....
#### ,
#...........###......... #
#..........## ##...####
######* ###......###
#..<..# .##..# ,#.....##
#.....## .....# #####..#
#......# .....# ..#o8o##.#
#......# .....# ,
..'oooo@.# ##.....##
.....#, ..#o8o####
#......# #....#,, ###*
#......# ##...# * ##.....#
##..### ' * ##....# #....#
, ##...# ##...# ##..#
##..# #... ##### ** #..#


You could see an orc warrior, 2 orc wizards and 5 orcs.

Vanquished Creatures
  2 black bears
  2 ogres (D:5)
  A phantom (D:5)
  A scorpion (D:5)
  A jelly (D:4)
  2 hounds (D:5)
  2 orc priests (D:5)
  4 iguanas
  A sleepcap (D:5)
  5 orc wizards
  12 adders
  2 worms
  19 orcs
  8 ball pythons
  6 endoplasms
  4 giant cockroaches
  7 goblins
  8 hobgoblins
  10 kobolds
  5 quokkas
  8 bats
  4 frilled lizards
  3 rats
117 creatures vanquished.

Notes
Turn   | Place    | Note
-------+----------+-------------------------------------------
     0 | D:1      | monsoonserge the Meteoran Earth Elementalist began the
                  | quest for the Orb.
     0 | D:1      | Reached XP level 1. HP: 14/14 MP: 5/5
    36 | D:1      | Reached XP level 2. HP: 20/20 MP: 2/6
   122 | D:1      | Reached skill level 4 in Earth Magic
   193 | D:1      | Reached XP level 3. HP: 25/25 MP: 5/8
   350 | D:2      | Found Ukav's Antique Weapon Boutique.
   354 | D:2      | Reached XP level 4. HP: 30/34 MP: 4/9
   358 | D:2      | Learned a level 3 spell: Stone Arrow
   430 | D:2      | Reached skill level 5 in Earth Magic
   500 | D:2      | Reached XP level 5. HP: 39/39 MP: 7/10
   678 | D:3      | Found a faded altar of an unknown god.
   689 | D:3      | Reached skill level 1 in Conjurations
   716 | D:3      | Reached skill level 6 in Earth Magic
   718 | D:3      | Reached XP level 6. HP: 35/46 MP: 2/11
   899 | D:3      | Found a shimmering blue altar of Sif Muna.
   904 | D:3      | Became a worshipper of Sif Muna the Loreminder
   909 | D:3      | Learned a level 2 spell: Passwall
   912 | D:3      | Got Sif Muna's Volume of Mutable Poison
   914 | D:3      | Got Sif Muna's Commentary on the Curse
   917 | D:3      | Got Sif Muna's Volume of Salt
  1056 | D:2      | Bought a glowing shortbow for 126 gold pieces
  1115 | D:4      | Found a white marble altar of Elyvilon.
  1225 | D:4      | Reached skill level 1 in Fighting
  1225 | D:4      | Reached skill level 1 in Armour
  1254 | D:4      | Reached skill level 1 in Ranged Weapons
  1273 | D:4      | Reached XP level 7. HP: 38/52 MP: 7/12
  1384 | D:4      | Found a glowing golden altar of the Shining One.
  1404 | D:4      | Identified the +7 short sword of the Hammering Pill Bug
                  | {freeze, *Noise rF+ SInv}
  1544 | D:4      | Reached * piety under Sif Muna
  1545 | D:4      | Reached skill level 7 in Earth Magic
  1598 | D:4      | Found a staircase to the Ecumenical Temple.
  1606 | D:5      | Entered Level 5 of the Dungeon
  1637 | D:5      | Reached skill level 1 in Invocations
  1637 | D:5      | Reached XP level 8. HP: 56/59 MP: 11/13
  1649 | D:5      | Reached skill level 1 in Short Blades
  2132 | D:5      | Slain by an orc warrior

Illustrated notes

Levels and vault maps discovered:
D:1:      minmay_arrival_glassed_features, layout_basic
D:2:      layout_loops_ring, serial_shops, nicolae_shop_tiny_waterfront,
          chequers_big_river
D:3:      layout_rooms, nicolae_sif_muna_little_library,
          shapermc_ecumenical_altar_starsandcircs
D:4:      layout_cave_pods, kennysheep_little_box, mainiacjoe_overflow_24_doors,
          temple_statues, fountainhead
D:5:      layout_cave_pods, pf_guarded_unrand_delatra, uniq_pikel, uniq_edmund,
          uniq_crazy_yiuf_cottage

Skill      XL: |  1  2  3  4  5  6  7  8 |
---------------+-------------------------+-----
Spellcasting   | 3 |  3.0
Earth Magic    | 4 5 6 7 |  7.3
Conjurations   | 1 2 3 |  3.9
Fighting       | 1 2 |  2.2
Armour         | 1 2 4 |  4.0
Ranged Weapons | 1 3 |  3.9
Dodging        | 3 |  3.4
Invocations    | 1 2 |  2.7
Short Blades   | 2 |  2.0
Stealth        | |  1.9
Transmutations | |  1.2

Action                     |  1- 3 |  4- 6 |  7- 9 || total
---------------------------+-------+-------+-------++-------
  Melee: Dagger            |     3 |     9 |       ||    12
         Short sword       |       |       |    61 ||    61
         Punch             |       |       |     1 ||     1
   Fire: Shortbow          |       |    33 |    27 ||    60
   Cast: Sandblast         |    39 |    73 |    15 ||   127
         Passwall          |       |     2 |       ||     2
         Stone Arrow       |       |       |    10 ||    10
    Use: Potion            |       |       |     2 ||     2
   Stab: Sleeping          |     1 |       |       ||     1
 Armour: Robe              |    11 |     6 |       ||    17
         Leather armour    |       |     9 |     6 ||    15
  Dodge: Dodged            |     9 |    30 |    42 ||    81
